 Dungeon Crawl Stone Soup version 0.30-a0-6-g7c9e10e132 (webtiles) character file.

Game seed: 848518505679185214

114 SensoryNuts the Chopper (level 4, 0/46 HPs)
             Began as an Ogre Gladiator on Aug 22, 2022.
             Slain by Sigmund
             ... wielding a +0 scythe of venom
              (7 damage)
             ... on level 3 of the Dungeon.
             The game lasted 00:02:20 (2573 turns).

SensoryNuts the Chopper (Ogre Gladiator)            Turns: 2573, Time: 00:02:20

Health: 0/46       AC:  4    Str: 20    XL:     4   Next: 98%
Magic:  4/4        EV: 10    Int:  9    God:
Gold:   193        SH:  0    Dex: 10    Spells: 3/3 levels left

rFire   . . .      SeeInvis .    a - +0 war axe
rCold   . . .      Faith    .    (no shield)
rNeg    . . .      Spirit   .    b - +0 robe
rPois   .          Reflect  .    c - +0 hat
rElec   .          Harm     .    n - +0 cloak
rCorr   .          Rampage  .    (gloves unavailable)
Will    .....                    (boots unavailable)
Stlth   +.........               (no amulet)
HPRegen 0.15/turn                (no ring)
MPRegen 0.09/turn                (no ring)

@: brilliant, lethally poisoned (0 -> -21), hasted, very quick
A: large, unfitting armour, tough skin 1
a: no special abilities


You were on level 3 of the Dungeon.
You visited 1 branch of the dungeon, and saw 3 of its levels.

You collected 193 gold pieces.

Inventory:

Hand Weapons
 a - a +0 war axe (weapon)
Missiles
 d - 3 throwing nets (quivered)
 e - a large rock
Armour
 b - a +0 robe (worn)
 c - a +0 hat (worn)
 n - a +0 cloak (worn)
Jewellery
 s - a ring of wizardry
Wands
 u - a wand of iceblast (6)
Scrolls
 h - 2 scrolls of fear
 j - 2 scrolls of enchant armour
 m - a scroll of amnesia {unknown}
 o - a scroll of noise {unknown}
 q - 2 scrolls of brand weapon {unknown}
 t - a scroll of enchant weapon {unknown}
 v - a scroll of magic mapping {unknown}


   Skills:
 + Level 3.6 Fighting
 + Level 4.5 Axes
 + Level 2.0 Throwing
 + Level 3.2 Dodging
 + Level 0.4 Stealth


You had 3 spell levels left.
You didn't know any spells.
Your spell library was empty.

Dungeon Overview and Level Annotations

Branches:
Dungeon (3/15)

Altars:
Ashenzari
Trog

Annotations:
D:3 Sigmund


Innate Abilities, Weirdness & Mutations

You are too large for most types of armour.
You have tough skin. (AC +1)


Message History

You are poisoned.
A rat comes into view.
You're too confused to attack without stumbling around!
You feel sick.
You feel better.
You hit something but do no damage. Something hits you but does no damage.
You are poisoned.
You closely miss something.
You feel sick.
You closely miss something.
You feel sick. Something hits you but does no damage.
You are more poisoned.
You slash something!
You feel sick.
You hear some strange, mumbled words.
A magic dart appears from out of thin air!
The magic dart hits you!
You miss something.
You feel sick.
You hit something but do no damage.
You feel sick. Something hits you.
You are more poisoned.
You aren't carrying any potions.
As you read the scroll labelled ZOCZUAPLULEV, it crumbles to dust.
You assume a fearsome visage.
The goblin looks frightened!
The rat looks frightened!
It was a scroll of fear.
You feel sick.
As you read the scroll labelled SEILIA VACIZIU, it crumbles to dust.
It is a scroll of identify.
j - 2 scrolls of enchant armour You feel sick.
The goblin gibbers meaninglessly.
As you read the scroll labelled JABAQO ZUDYEM, it crumbles to dust.
The creatures around you are filled with an inner flame!
It was a scroll of immolation.
You feel sick.
The air fills with toxic fumes!
As you read the scroll labelled DAAM VEROARUTAU, it crumbles to dust.
It was a scroll of poison.
You feel sick.
Really walk into that cloud of poison gas?
You are engulfed in poison gas.
You are lethally poisoned!
* * * LOW HITPOINT WARNING * * *
x2 You feel very sick.
Something hits you!
You die...

.# #.# #§ .# #§. §## ##
.§§. §§§ §§§# §§# §§§§#
#§# #############§§##§#
..........§§§§§§§§####§#
####.####### #§§.{§gr§#
#....########@#####§§§
####......###§.###
######...§§...#
########.# ###


You could see a goblin (inner flame, fleeing) and a rat (inner flame, fleeing).

Vanquished Creatures
  4 adders
  A worm (D:3)
  2 dart slugs (D:1)
  An orc (D:3)
  6 ball pythons
  10 endoplasms
  2 giant cockroaches
  5 goblins
  3 hobgoblins (D:1)
  5 jackals
  11 kobolds
  8 bats
  3 frilled lizards
  2 rats (D:1)
63 creatures vanquished.

Notes
Turn   | Place    | Note
-------+----------+-------------------------------------------
     0 | D:1      | SensoryNuts the Ogre Gladiator began the quest for the Orb.
     0 | D:1      | Reached XP level 1. HP: 22/22 MP: 1/1
   158 | D:1      | Reached XP level 2. HP: 27/29 MP: 2/2
   725 | D:1      | Reached XP level 3. HP: 34/37 MP: 3/3
  1395 | D:2      | Reached skill level 4 in Axes
  1395 | D:2      | Reached XP level 4. HP: 44/45 MP: 4/4
  2081 | D:2      | Found a faded altar of an unknown god.
  2162 | D:3      | Found a bloodstained altar of Trog.
  2162 | D:3      | Found a broken altar of Ashenzari.
  2534 | D:3      | Noticed Sigmund
  2573 | D:3      | Slain by Sigmund

Illustrated notes

Levels and vault maps discovered:
D:1:      saegor_arrival_simple_a, layout_loops_cross, st_stairs_11
D:2:      layout_rooms, shapermc_ecumenical_altar_mp_vishouse
D:3:      layout_rooms, mainiacjoe_overflow_divided_tiny,
          nicolae_overflow_crystal_walls, minmay_goblin_kobold_house,
          uniq_sigmund

Skill      XL: |  1  2  3 |
---------------+----------+-----
Dodging        | 3 |  3.2
Fighting       | 3 |  3.6
Axes           | 4 |  4.5
Throwing       | |  2.0
Stealth        | |  0.4

Action                   |  1- 3 |  4- 6 || total
-------------------------+-------+-------++-------
Melee: War axe           |    98 |    78 ||   176
       Punch             |     1 |       ||     1
  Use: Potion            |       |     8 ||     8
       Scroll            |       |     4 ||     4
 Stab: Sleeping          |     2 |     1 ||     3
Armor: Robe              |    30 |    32 ||    62
       Skin              |       |     6 ||     6
Dodge: Dodged            |    69 |    45 ||   114

Table legend: (Time is in decaauts)
 A = Elapsed time spent in this place.
 B = Non-inter-level travel time spent in this place.
 C = Inter-level travel time spent in this place.
 D = Time resting spent in this place.
 E = Time spent auto-exploring this place.
 F = Levels seen in this place.
 G = Mean time per level.
                   A        B        C        D        E       F      G
               +--------+--------+--------+--------+--------+-----+--------+
         Total |   2621 |   2484 |    137 |      0 |   2027 |   3 |  873.7 |
       Dungeon |   2621 |   2484 |    137 |      0 |   2027 |   3 |  873.7 |
               +--------+--------+--------+--------+--------+-----+--------+

Top non-repeatable levels by time:
     D:1: 1364 daAuts
     D:2: 779 daAuts
     D:3: 476 daAuts
